 Dungeon Crawl Stone Soup version 0.19-a0-1341-g3513869 (webtiles) character file.

203909 mopl the Brawler (level 17, -1/234 HPs)
             Began as a Troll Wizard on Sept 1, 2016.
             Was the Champion of Cheibriados.
             Slain by a saltling (16 damage)
             ... in the Desolation of Salt.
             The game lasted 02:07:40 (16862 turns).

mopl the Brawler (Troll Wizard)                    Turns: 16862, Time: 02:07:43

Health: -1/234     AC: 28    Str: 36    XL:     17   Next: 49%
Magic:  4/24       EV:  1    Int: 33    God:    Cheibriados [******]
Gold:   2090       SH:  0    Dex: 30    Spells: 7 memorised, 2 levels left

rFire  + . .     SeeInvis .       - Unarmed
rCold  . . .     Gourm    +     (armour currently unavailable)
rNeg   + + +     Faith    .     (no shield)
rPois  +         Spirit   .     (helmet currently unavailable)
rElec  +         Dismiss  .     (cloak currently unavailable)
rCorr  .         Reflect  .     (gloves unavailable)
MR     ++...     Harm     .     (boots unavailable)
Stlth  +++....... NoTele   +    W - amulet of regeneration
                                s - ring "Mapt" {rElec rF+ Str+2 Int+2 Dex+4, =R}
                                E - ring of protection from magic

@: tree-form, manticore barbs, very slightly contaminated, studying 2 skills,
repel missiles, drained, very slow
A: unfitting armour, (claws 0), fast metabolism 3, gourmand, regeneration 1,
(shaggy fur 0), (tough skin 0)
a: Bend Time, Temporal Distortion, Slouch, Step From Time, Renounce Religion
}: 2/15 runes: decaying, gossamer


You were in the Desolation of Salt.
You worshipped Cheibriados.
Cheibriados was exalted by your worship.
You were full.
You were a tree.
You visited 7 branches of the dungeon, and saw 31 of its levels.
You also visited: Labyrinth, Sewer, Bailey and Desolation.

You collected 2224 gold pieces.
You spent 134 gold pieces at shops.

Inventory:

Hand Weapons
 H - a +9 blowgun
Missiles
 r - 24 tomahawks (quivered)
 F - 4 throwing nets
 G - 5 large rocks
 P - 2 curare-tipped needles
Armour
 i - a +2 cloak of magic resistance (melded)
 m - a +2 hat (melded)
 L - a +0 steam dragon armour (melded)
 M - a +2 large shield of reflection
 Z - a +0 robe of cold resistance
Magical Staves
 b - an uncursed staff of wizardry {!a}
Jewellery
 h - an uncursed amulet of faith {!P}
 s - the ring "Mapt" (right branch) {rElec rF+ Str+2 Int+2 Dex+4, =R}
   (You found it in a labyrinth)

   [ring of dexterity]

   It affects your strength (+2).
   It affects your intelligence (+2).
   It affects your dexterity (+4).
   It protects you from fire.
   It insulates you from electricity.
 E - a ring of protection from magic (left branch)
 K - the amulet of Boimeu {Spirit MR+}
   (You found it on level 6 of the Lair of Beasts)

   [amulet of guardian spirit]

   It causes incoming damage to be split between your health and magic.
   It affects your resistance to hostile enchantments.
 N - an uncursed ring of see invisible
 W - an amulet of regeneration (around neck)
 X - a +5 ring of evasion
Wands
 j - a wand of paralysis (13/24)
 v - a wand of enslavement (23/24)
 B - a wand of acid (7/15)
 D - a wand of iceblast (8/15)
Scrolls
 f - 6 scrolls of immolation {!r}
 k - a scroll of magic mapping
 w - 8 scrolls of teleportation
 y - 5 scrolls of remove curse
 z - 2 scrolls of fog
 J - 2 scrolls of recharging
 O - 2 scrolls of vulnerability
 T - 3 scrolls of identify
 V - 4 scrolls of fear
Potions
 c - a potion of resistance
 e - 6 potions of curing
 l - a potion of lignification {!q}
 p - 6 potions of ambrosia
 q - 7 potions of might
 t - 3 potions of cancellation
 A - a potion of cure mutation {!q}
 C - 4 potions of agility
 U - 3 potions of flight
Books
 g - the Almanac of Unholy Arts and Hexes
   (You found it on level 2 of the Lair of Beasts)

   Spells                             Type                      Level
   a - Regeneration                   Charms/Necromancy            3
   b - Inner Flame                    Hexes/Fire                   3
   c - Control Undead                 Necromancy                   4
   d - Darkness                       Hexes                        6
 o - a book of Enchantments

   Spells                             Type                      Level
   a - Cause Fear                     Hexes                        4
   b - Yara's Violent Unravelling     Hexes/Transmutation          5
   c - Silence                        Hexes/Air                    5
   d - Deflect Missiles               Charms/Air                   6
   e - Haste                          Charms                       6
   f - Discord                        Hexes                        8
 u - a manual of Fighting
 x - a manual of Shields
 R - a book of Alchemy

   Spells                             Type                      Level
   a - Sublimation of Blood           Necromancy                   2
   b - Ignite Poison                  Fire/Transmutation/Poison    3
   c - Petrify                        Transmutation/Earth          4
   d - Alistair's Intoxication        Transmutation/Poison         5
   e - Irradiate                      Conjuration/Transmutation    5
Miscellaneous
 Q - a lamp of fire
 S - 2 boxes of beasts
Comestibles
 d - 12 bread rations
 Y - a meat ration


   Skills:
 + Level 7.3(7.1) Fighting
 - Level 2.9(2.7) Dodging
 - Level 1.1(1.0) Stealth
 + Level 3.3(3.1) Shields
 - Level 15.0(14.8) Unarmed Combat
 + Level 3.7(3.5) Spellcasting
 - Level 3.1(2.9) Conjurations
   Level 0.6(0.4) Summonings
 - Level 4.1(3.9) Translocations
 - Level 13.0(12.8) Transmutations
 - Level 3.0(2.8) Air Magic
 - Level 13.0(12.8) Earth Magic
 - Level 2.0(1.9) Poison Magic
 + Level 11.5(11.3) Invocations


You had 2 spell levels left.
You knew the following spells:

 Your Spells              Type           Power        Failure   Level  Hunger
a - Passage of Golubria   Tloc           N/A          14%         4    ####...
c - Corpse Rot            Necr           N/A          12%         2    None
d - Mephitic Cloud        Conj/Pois/Air  ###.....     10%         3    ##.....
e - Blink                 Tloc           N/A          1%          2    None
i - Repel Missiles        Chrm/Air       ###...       6%          2    None
p - Passwall              Tmut/Erth      ######....   1%          2    None
S - Statue Form           Tmut/Erth      ######...    6%          6    #######


Dungeon Overview and Level Annotations

Branches:
Dungeon (13/15)            Temple (1/1) D:5            Lair (6/6) D:11
  Swamp (4/4) Lair:3       Spider (4/4) Lair:4        Slime (0/5) Lair:5
    Orc (2/2) D:11            Elf (1/3) Orc:2
 Vaults: D:13-14

Altars:
Ashenzari
Cheibriados
Elyvilon
Hepliaklqana
Makhleb
Nemelex Xobeh
Okawaru
Qazlal
Ru
Trog
Vehumet
Xom
Zin
The Shining One
Beogh

Shops:
D:5 *   Orc:2 %[:[

Portals:
Trove: D:12 (show slimy rune of Zot)

Annotations:
D:10 dig
Lair:3 Fannar
Lair:6 exclusion: hydra


Innate Abilities, Weirdness & Mutations

You are too large for most types of armour.
((You have claws for hands.))
Your metabolism is lightning-fast.
You like to eat raw meat.
Your natural rate of healing is unusually fast.
((You are covered in fur. (AC +1)))
((You have very tough skin. (AC +2)))


Message History

The bolt of cold hits you!
* * * LOW HITPOINT WARNING * * *
The saltling hits you but does no damage.
The saltling hits you!!
* * * LOW HITPOINT WARNING * * *
The peacekeeper bites you but does no damage.
The peacekeeper claws you but does no damage.
A saltling comes into view.
Evoke which item? (* to show all) (? for menu, Esc to quit)
Okay, then.
Unknown command.
Unknown command.
As you read the scroll of fear, it crumbles to dust.
You assume a fearsome visage.
The saltling is unaffected.
The ragged hierophant looks frightened!
The saltling is unaffected. x2
The peacekeeper is unaffected.
The saltling is unaffected. x3
The ragged hierophant looks frightened!
The saltling is unaffected.
The vault sentinel looks frightened!
The halazid warlock is unaffected.
The saltling moves out of view.
The saltling hits you!
You die...

.........#......
..........#.#....
.#................
...................
....................
.....................
............∩.∩.......
........p..8..........
.......p..88♣.........
.......8...88.........
.........#.8..........
.....§§.......L......#
§.§§§§................
...§.§§...............
§§§p§§§.......p......
§§§.§§.....p....#..
..§§............#


You could see 3 ragged hierophants, a halazid warlock, a vault sentinel
(fleeing), a peacekeeper and 6 saltlings.

Vanquished Creatures
  Arachne (Spider:2)
  Rupert (Lair:4)
  An acid blob (Lair:5)
  A thorn hunter (Swamp:4)
  3 ghost moths
  7 emperor scorpions
  2 angels (Elf:1)
  4 entropy weavers
  Azrael (Spider:1)
  5 dire elephants (Lair:6)
  2 spark wasps (Spider:3)
  A minotaur (Lab)
  5 ragged hierophants (Desolation)
  2 servants of whispers (Desolation)
  A peacekeeper (Desolation)
  An anaconda (Lair:6)
  A catoblepas (Lair:5)
  14 hydras
  3 death yaks (Lair:6)
  7 alligators
  A dancing weapon (Elf:1)
  A centaur warrior (D:13)
  Urug (Lair:5)
  An orc high priest (Orc:1)
  3 deep elf knights (Elf:1)
  2 deep elf archers (Elf:1)
  3 spriggan druids
  4 shambling mangroves
  7 swamp dragons (Swamp:4)
  5 hill giants
  An unseen horror (D:10)
  An obsidian statue (Lair:2)
  2 deep elf magi (Elf:1)
  13 orb spiders
  3 orc knights
  A griffon (Lair:5)
  27 wolf spiders
  4 orc sorcerers (Orc:2)
  An ugly thing (D:12)
  6 hornets
  3 moths of wrath
  A centaur zombie (D:11)
  10 elephants (Lair:6)
  A vault sentinel (Desolation)
  3 black mambas
  A gargoyle (D:13)
  4 spiny frogs
  2 rime drakes
  13 demonic crawlers
  2 komodo dragons
  6 trolls
  A polar bear (Lair:6)
  35 jumping spiders
  10 slime creatures
  3 giant leeches (Swamp:2)
  2 boulder beetles (Spider:2)
  13 blink frogs
  9 bog bodies
  3 two-headed ogres
  19 saltlings (Desolation)
  6 dream sheep (Lair:4)
  Sigmund (D:4)
  24 yaks
  104 redbacks
  7 spriggans
  A wyvern (D:9)
  Eustachio (D:6)
  28 tarantellas
  5 fire elementals (Spider:1)
  2 basilisks (Lab)
  5 hippogriffs
  5 vampire mosquitoes
  A steam dragon (D:7)
  A soldier ant (D:13)
  12 swamp worms
  2 wargs
  7 insubstantial wisps
  Edmund (D:4)
  15 water moccasins
  3 hell hounds (Spider:1)
  4 porcupines
  14 swamp drakes
  28 orc warriors
  2 sky beasts
  3 ice beasts
  14 wasps
  An eye of draining (D:13)
  3 phantoms
  3 black bears
  A necrophage (D:11)
  6 centaurs
  7 crocodiles
  13 ogres
  A big kobold (D:12)
  Blork the orc (D:5)
  17 giant frogs
  2 gnoll sergeants
  An earth elemental (Elf:1)
  2 wyvern skeletons
  A wyvern zombie (D:13)
  2 scorpions
  44 killer bees
  5 howler monkeys
  13 wights
  3 electric eels
  6 crimson imps
  A giant frog zombie (D:6)
  30 orc wizards
  6 jellies
  16 orc priests
  2 hounds
  5 gnoll shamans (D:6)
  2 centaur skeletons (D:4)
  5 giant frog skeletons
  Crazy Yiuf (D:2)
  Ijyb (D:2)
  Natasha (D:2)
  5 iguanas
  12 worker ants
  A killer bee zombie (D:6)
  2 worker ant zombies
  Robin (D:2)
  46 gnolls
  30 river rats
  16 adders
  A howler monkey skeleton (D:10)
  3 shadow imps
  5 oozes (D:8)
  2 adder zombies
  5 adder skeletons
  6 worms
  2 dart slugs
  6 giant geckos
  76 orcs
  A bat (D:3)
  14 giant cockroaches
  19 goblins
  7 hobgoblins
  14 jackals
  3 quokkas
  2 ball pythons
  11 giant newts
  11 kobolds
  2 quokka skeletons
  A quokka zombie (D:9)
  9 rats
  6 plants (Lair:6)
1108 creatures vanquished.

Vanquished Creatures (collateral kills)
  An orb spider (Spider:4)
  A jumping spider (Spider:4)
  5 killer bees (D:10)
  A howler monkey (D:10)
8 creatures vanquished.

Vanquished Creatures (others)
  A deep elf knight (Elf:1)
  A wolf spider (Spider:4)
  A saltling (Desolation)
  A tarantella (Spider:1)
  5 redbacks
  A killer bee (D:10)
  An orc priest (D:10)
  8 fungi
  6 plants
25 creatures vanquished.

Grand Total: 1141 creatures vanquished

Notes
Turn   | Place    | Note
-------+----------+-------------------------------------------
     0 | D:1      | mopl the Troll Wizard began the quest for the Orb.
     0 | D:1      | Reached XP level 1. HP: 16/16 MP: 2/2
    69 | D:2      | Reached skill level 1 in Unarmed Combat
   109 | D:2      | Reached XP level 2. HP: 23/24 MP: 4/4
   154 | D:2      | Noticed Ijyb
   199 | D:2      | Killed Ijyb
   199 | D:2      | Reached skill level 2 in Unarmed Combat
   199 | D:2      | Reached XP level 3. HP: 16/31 MP: 5/5
   200 | D:2      | Reached skill level 3 in Unarmed Combat
   450 | D:2      | Found an iron altar of Okawaru.
   495 | D:2      | Reached XP level 4. HP: 39/39 MP: 6/6
   501 | D:2      | Noticed Natasha
   506 | D:2      | Learned a level 2 spell: Blink
   510 | D:2      | Learned a level 3 spell: Mephitic Cloud
   525 | D:2      | Killed Natasha
   525 | D:2      | Reached skill level 4 in Unarmed Combat
   605 | D:3      | Noticed Robin
   623 | D:2      | Killed Robin
   852 | D:3      | Reached XP level 5. HP: 27/45 MP: 7/7
   974 | D:3      | Reached skill level 5 in Unarmed Combat
  1160 | D:3      | Found a stormy altar of Qazlal.
  1243 | D:3      | Reached XP level 6. HP: 50/53 MP: 8/8
  1253 | D:3      | Learned a level 2 spell: Repel Missiles
  1283 | D:4      | Reached skill level 6 in Unarmed Combat
  1504 | D:4      | Reached skill level 7 in Unarmed Combat
  1517 | D:4      | Found a sacrificial altar of Ru.
  1533 | D:4      | Noticed Sigmund
  1542 | D:4      | Killed Sigmund
  1542 | D:4      | Reached XP level 7. HP: 42/59 MP: 3/9
  1569 | D:5      | Entered Level 5 of the Dungeon
  1607 | D:5      | Noticed Blork the orc
  1609 | D:5      | Found Tiucer's Assorted Antiques.
  1620 | D:5      | Killed Blork the orc
  1620 | D:5      | Reached skill level 8 in Unarmed Combat
  1710 | D:5      | Bought 2 emerald potions for 54 gold pieces
  1710 | D:5      | Bought an orange potion for 27 gold pieces
  1814 | D:6      | Reached skill level 9 in Unarmed Combat
  1915 | D:5      | Reached XP level 8. HP: 45/67 MP: 10/10
  2151 | D:5      | Found a hazy altar of Hepliaklqana.
  2205 | D:6      | Found a glowing drain.
  2234 | Sewer    | Entered a sewer
  2417 | Sewer    | Reached skill level 10 in Unarmed Combat
  2600 | D:6      | Reached skill level 1 in Conjurations
  2694 | D:6      | Reached skill level 1 in Fighting
  2764 | D:6      | Noticed Eustachio
  2809 | D:6      | Killed Eustachio
  2809 | D:6      | Reached skill level 1 in Air Magic
  2809 | D:6      | Reached skill level 1 in Poison Magic
  2987 | D:6      | Reached skill level 2 in Conjurations
  3006 | D:6      | Reached XP level 9. HP: 34/79 MP: 3/11
  3075 | D:6      | Reached skill level 2 in Fighting
  3325 | D:7      | Reached skill level 2 in Poison Magic
  3343 | D:7      | Reached skill level 2 in Air Magic
  3374 | D:7      | Reached skill level 1 in Translocations
  3430 | D:7      | Reached skill level 3 in Fighting
  3603 | D:7      | Reached skill level 3 in Conjurations
  3772 | D:8      | Reached skill level 2 in Translocations
  3807 | D:8      | Reached skill level 11 in Unarmed Combat
  3989 | D:5      | Bought a scroll labeled YJEIGA OMONODD for 30 gold pieces
  4028 | D:5      | Reached XP level 10. HP: 90/92 MP: 12/12
  4113 | D:2      | Found a runed door.
  4117 | D:2      | Noticed Crazy Yiuf
  4122 | D:2      | Killed Crazy Yiuf
  4238 | D:4      | Reached skill level 3 in Air Magic
  4332 | D:4      | Noticed Edmund
  4347 | D:4      | Killed Edmund
  4779 | D:7      | Reached skill level 4 in Fighting
  5324 | D:5      | Found a staircase to the Ecumenical Temple.
  5342 | Temple   | Entered the Ecumenical Temple
  5363 | Temple   | Became a worshipper of Cheibriados the Contemplative
  5468 | D:8      | Reached skill level 3 in Translocations
  5700 | D:10     | Entered Level 10 of the Dungeon
  5799 | D:8      | Reached * piety under Cheibriados
  5934 | D:8      | Found a shattered altar of Ashenzari.
  5952 | D:8      | Reached skill level 5 in Fighting
  6148 | D:10     | Noticed a hill giant
  6158 | D:10     | Reached skill level 4 in Translocations
  6161 | D:10     | Reached ** piety under Cheibriados
  6170 | D:10     | Noticed a hill giant
  6178 | D:10     | Killed a hill giant
  6178 | D:10     | Reached skill level 1 in Invocations
  6182 | D:10     | Killed a hill giant
  6182 | D:10     | Reached skill level 2 in Dodging
  6201 | D:10     | HP: 4/96 [killer bee (5)]
  6204 | D:10     | Gained mutation: You are frail. (-10% HP) [potion of mutation]
  6204 | D:10     | Gained mutation: Scrolls take you a little longer to read. [potion of mutation]
  6204 | D:10     | Gained mutation: You expend magic power (3 MP) to strengthen your wands. [potion of mutation]
  6205 | D:10     | Lost mutation: Scrolls take you a little longer to read. [potion of cure mutation]
  6205 | D:10     | Lost mutation: You expend magic power (3 MP) to strengthen your wands. [potion of cure mutation]
  6205 | D:10     | Lost mutation: You are frail. (-10% HP) [potion of cure mutation]
  6229 | D:10     | Reached skill level 12 in Unarmed Combat
  6229 | D:10     | Reached XP level 11. HP: 51/104 MP: 6/13
  6249 | D:10     | Learned a level 6 spell: Iron Shot
  6393 | D:10     | Reached *** piety under Cheibriados
  6449 | D:10     | Learned a level 6 spell: Statue Form
  6610 | D:10     | Reached skill level 1 in Earth Magic
  6613 | D:10     | Reached **** piety under Cheibriados
  6643 | D:10     | Reached skill level 2 in Invocations
  6888 | D:10     | Noticed an unseen horror
  6889 | D:10     | Killed an unseen horror
  6889 | D:10     | Reached skill level 1 in Transmutations
  6924 | D:10     | Noticed a hill giant
  6947 | D:10     | Killed a hill giant
  6947 | D:10     | Reached skill level 2 in Earth Magic
  7094 | D:10     | Learned a level 2 spell: Passwall
  7154 | D:11     | Found a staircase to the Orcish Mines.
  7162 | D:11     | Found a staircase to the Lair.
  7162 | D:11     | Noticed a hill giant
  7239 | D:11     | Found a flagged portal.
  7283 | Bailey   | Entered a bailey
  7668 | Bailey   | Reached ***** piety under Cheibriados
  7668 | Bailey   | Reached skill level 2 in Transmutations
  7771 | Bailey   | Noticed an orc knight
  7815 | Bailey   | Killed an orc knight
  7910 | D:11     | Reached skill level 3 in Earth Magic
  8170 | Lair:1   | Entered Level 1 of the Lair of Beasts
  8208 | Lair:1   | Noticed a five-headed hydra
  8271 | D:11     | Killed a hill giant
  8271 | D:11     | Reached skill level 6 in Fighting
  8328 | D:13     | Reached skill level 3 in Invocations
  8333 | D:13     | Reached skill level 3 in Transmutations
  8550 | D:12     | Reached skill level 4 in Earth Magic
  8586 | D:12     | Reached XP level 12. HP: 99/115 MP: 14/14
  8721 | D:12     | Found a portal to a secret trove of treasure.
  8879 | D:13     | Noticed a centaur warrior
  8883 | D:13     | Killed a centaur warrior
  8883 | D:13     | Reached skill level 13 in Unarmed Combat
  8883 | D:13     | Reached skill level 4 in Transmutations
  9012 | D:12     | Reached skill level 4 in Invocations
  9065 | Orc:1    | Entered Level 1 of the Orcish Mines
  9103 | Orc:1    | Reached ****** piety under Cheibriados
  9144 | Orc:1    | Reached skill level 5 in Earth Magic
  9155 | Orc:1    | Found a roughly hewn altar of Beogh.
  9347 | Orc:2    | Entered Level 2 of the Orcish Mines
  9891 | Orc:2    | Reached skill level 5 in Transmutations
 10067 | Orc:1    | Noticed Maurice
 10072 | Orc:1    | Noticed Maurice
 10072 | Orc:1    | Maurice changed into Maurice the rime drake
 10078 | Orc:1    | Killed Maurice the rime drake
 10153 | Orc:2    | Noticed an orc high priest
 10202 | Orc:1    | Killed an orc high priest
 10223 | Orc:2    | Reached skill level 6 in Earth Magic
 10290 | Orc:2    | Found Aceracosty's Armour Boutique.
 10290 | Orc:2    | Found Kaeveylu's Antique Armour Shop.
 10297 | Orc:2    | Found Paivisiq's Food Shop.
 10302 | Orc:2    | Found Qixanim's Book Boutique.
 10304 | Orc:2    | Bought a runed robe for 23 gold pieces
 10323 | Orc:2    | Paralysed by an orc sorcerer for 7 turns
 10355 | Orc:2    | Found a staircase to the Elven Halls.
 10418 | Orc:2    | Paralysed by an orc sorcerer for 6 turns
 10802 | Lair:3   | Found a labyrinth entrance.
 10806 | Lair:3   | Reached skill level 5 in Invocations
 10825 | Lab      | Entered a labyrinth
 10886 | Lab      | Reached XP level 13. HP: 116/122 MP: 15/15
 11071 | Lab      | Noticed a minotaur
 11079 | Lab      | Killed a minotaur
 11103 | Lab      | Got a brightly glowing steel ring
 11103 | Lab      | Got a twitching silver ring
 11107 | Lab      | Identified the ring "Mapt" {rElec rF+ Str+2 Int+2 Dex+4} (You found it in a labyrinth)
 11111 | Lab      | Identified the cursed ring "Kevaujol" {Str-6 Int+2 Dex+3} (You found it in a labyrinth)
 11143 | Lair:3   | Noticed Fannar
 11160 | Lair:3   | Reached skill level 7 in Earth Magic
 11160 | Lair:3   | Reached skill level 6 in Transmutations
 11189 | Lair:3   | Found a staircase to the Swamp.
 11386 | Lair:3   | Identified a scroll of acquirement
 11454 | Lair:4   | Reached skill level 14 in Unarmed Combat
 11563 | Lair:4   | Noticed Rupert
 11571 | Lair:4   | Killed Rupert
 11592 | Lair:4   | Got a vibrating tin ring
 11594 | Lair:4   | Identified the ring "Isamo" {MP+9 Stlth+} (You found it on level 4 of the Lair of Beasts)
 11901 | Lair:4   | Found a hole to the Spider Nest.
 11914 | Lair:4   | Learned a level 2 spell: Corpse Rot
 11983 | Lair:5   | Noticed Urug
 11987 | Lair:5   | Reached skill level 8 in Earth Magic
 11994 | Lair:5   | Killed Urug
 12103 | Lair:6   | Entered Level 6 of the Lair of Beasts
 12213 | Lair:6   | Reached skill level 6 in Invocations
 12252 | Lair:6   | Reached skill level 7 in Transmutations
 12596 | Lair:6   | Reached XP level 14. HP: 72/131 MP: 17/17
 12930 | Lair:6   | Reached skill level 9 in Earth Magic
 12949 | Lair:6   | Identified the amulet of Boimeu {Spirit MR+} (You found it on level 6 of the Lair of Beasts)
 13068 | Lair:6   | Reached skill level 15 in Unarmed Combat
 13116 | Lair:5   | Noticed an acid blob
 13123 | Lair:5   | Killed an acid blob
 13123 | Lair:5   | Reached skill level 1 in Shields
 13154 | Lair:5   | Found a staircase to the Slime Pits.
 13453 | Spider:1 | Entered Level 1 of the Spider Nest
 13456 | Spider:1 | Reached skill level 8 in Transmutations
 13456 | Spider:1 | Reached skill level 7 in Invocations
 13468 | Spider:1 | Noticed Azrael
 13480 | Spider:1 | Killed Azrael
 13534 | Spider:2 | Noticed an emperor scorpion
 13538 | Spider:2 | Noticed an emperor scorpion
 13546 | Spider:1 | Killed an emperor scorpion
 13557 | Spider:2 | Killed an emperor scorpion
 13557 | Spider:2 | Reached skill level 10 in Earth Magic
 13651 | Spider:2 | Reached skill level 9 in Transmutations
 13671 | Spider:3 | Reached skill level 8 in Invocations
 13690 | Spider:3 | Noticed Arachne
 13693 | Spider:3 | Noticed an emperor scorpion
 13788 | Spider:2 | Reached XP level 15. HP: 137/137 MP: 12/20
 13931 | Spider:2 | Reached skill level 10 in Transmutations
 13935 | Spider:2 | Killed Arachne
 13982 | Spider:3 | Reached skill level 9 in Invocations
 13999 | Spider:2 | Noticed a ghost moth
 14002 | Spider:2 | Killed a ghost moth
 14273 | Spider:4 | Entered Level 4 of the Spider Nest
 14281 | Spider:4 | Reached skill level 11 in Earth Magic
 14626 | Spider:4 | Reached skill level 11 in Transmutations
 14690 | Spider:4 | Reached XP level 16. HP: 146/146 MP: 10/22
 14738 | Spider:4 | Reached skill level 12 in Earth Magic
 14739 | Spider:4 | Reached skill level 10 in Invocations
 14876 | Spider:4 | Got a gossamer rune of Zot
 15288 | Swamp:1  | Entered Level 1 of the Swamp
 15444 | Swamp:1  | Reached skill level 12 in Transmutations
 15953 | Swamp:4  | Entered Level 4 of the Swamp
 15953 | Swamp:4  | Noticed a thorn hunter
 15957 | Swamp:4  | Reached skill level 11 in Invocations
 15961 | Swamp:4  | Killed a thorn hunter
 16017 | Swamp:4  | Reached skill level 3 in Spellcasting
 16022 | Swamp:4  | Reached XP level 17. HP: 147/153 MP: 24/24
 16058 | Swamp:4  | Learned a level 4 spell: Passage of Golubria
 16164 | Swamp:4  | Got a decaying rune of Zot
 16434 | Lair:2   | Identified the Almanac of Unholy Arts and Hexes
 16669 | Elf:1    | Entered Level 1 of the Elven Halls
 16685 | Elf:1    | Reached skill level 13 in Earth Magic
 16754 | Elf:1    | Found a white marble altar of Elyvilon.
 16756 | Elf:1    | Found a glowing golden altar of the Shining One.
 16757 | Elf:1    | Found a ruined silver gateway.
 16758 | Elf:1    | Found a glowing silver altar of Zin.
 16789 | Elf:1    | Reached skill level 2 in Shields
 16813 | Desolati | Entered the Desolation of Salt
 16835 | Desolati | Reached skill level 7 in Fighting
 16846 | Desolati | Reached skill level 3 in Shields
 16852 | Desolati | Reached skill level 13 in Transmutations
 16862 | Desolati | Slain by a saltling

Vault maps used:
D:1:      lemuel_arrival_lava_pool, nemelex_altar_shiori
D:2:      okawaru_metal_pillars_3, uniq_natasha, uniq_crazy_yiuf_cottage,
          uniq_iyjb
D:3:      nicolae_qazlal_general_emergency, uniq_robin
D:4:      nicolae_ru_sacrificial_ziggurat, uniq_sigmund, uniq_edmund
D:5:      kennysheep_mini, first_bread, serial_shops,
          nicolae_shop_temple_entry_statues_fountains, uniq_blork_the_orc
D:6:      lemuel_castle_with_subvaults, gup_sewer_entry_bubbles, uniq_eustachio
D:8:      kennysheep_vampire_church, hangedman_little_slice_of_home,
          evilmike_ruin_ashenzari
D:10:     wad_woods_minihive
D:11:     enter_bailey_3, minmay_misc_feat_roman, minivault_27
D:12:     serial_shops, shop, enter_trove_3
D:13:     minmay_misc_feat_encased
Temple:   eino_temple_rhombus
Lair:1:   st_stairs_11, serial_bayou_lake_a, grunt_megastairs_2
Lair:2:   statuecave_lemuel
Lair:3:   regret_index_wax_grids, minmay_swamp_entry_wisps, lab_entry_generic,
          lemuel_fruit_fields, lemuel_fruit_tree, uniq_fannar
Lair:4:   dummy_spider_entry, bh_autumn_forest_stairs, lemuel_fruit_fields,
          uniq_rupert
Lair:5:   slime_dummy, kennysheep_catoblepas_arena, uniq_urug
Lair:6:   due_jungle_book, minivault_27, hangedman_lair_unloving_vines
Swamp:1:  evilmike_swamp_ruin_house_2, lightli_tree_ring
Swamp:2:  evilmike_swamp_ruin_house_5, swamp_pool2
Swamp:3:  evilmike_swamp_ruin_house_3
Swamp:4:  swamp, swamp_pool4, evilmike_swamp_ruin_rubble_1
Spider:1: zaba_antful_of_joy, uniq_azrael
Spider:2: spider_trap
Spider:3: uniq_arachne
Spider:4: grunt_spider_rune_parallel
Orc:1:    nicolae_orc_accident_1, basic_altar, uniq_maurice
Orc:2:    st_orc_mages
Elf:1:    portal_desolation_entry_holy_temple, minmay_elf_sorcery
Lab:      nicolae_lab_blocks, nicolae_lab_grate_2, nicolae_lab_garden
Sewer:    sewer_frog_island_01
Bailey:   bailey_polearm_2, bailey

Skill      XL: |  1  2  3  4  5  6  7  8  9 10 11 12 13 14 15 16 17 |
---------------+----------------------------------------------------+-----
Unarmed Combat | 1 2 3 4 5 7 9 10 11 12 13 14 15 | 15.0
Conjurations   | 2 3 |  3.1
Fighting       | 1 3 5 6 7 |  7.3
Air Magic      | 1 2 3 |  3.0
Poison Magic   | 1 2 |  2.0
Translocations | 2 4 |  4.1
Invocations    | 1 3 5 6 8 9 11 | 11.5
Dodging        | 2 |  2.9
Earth Magic    | 4 6 8 10 11 12 13 | 13.0
Transmutations | 3 5 7 9 11 12 13 | 13.0
Shields        | 1 3 |  3.3
Spellcasting   | 3 |  3.7
Stealth        | |  1.1
Summonings     | |  0.6

Action                   |  1- 3 |  4- 6 |  7- 9 | 10-12 | 13-15 | 16-18 || total
-------------------------+-------+-------+-------+-------+-------+-------++-------
Melee: Unarmed           |   114 |   177 |   478 |   786 |   609 |   368 ||  2532
       Punch             |     2 |     2 |    23 |    68 |    69 |    47 ||   211
Throw: Throwing net      |       |       |     1 |       |       |       ||     1
       Tomahawk          |       |       |       |       |     3 |       ||     3
 Cast: Repel Missiles    |       |     1 |     3 |     8 |     3 |     1 ||    16
       Mephitic Cloud    |       |       |     9 |    77 |    15 |    11 ||   112
       Blink             |       |       |     4 |     3 |     9 |     2 ||    18
       Passwall          |       |       |       |     1 |     1 |     2 ||     4
       Statue Form       |       |       |       |       |    26 |    29 ||    55
Invok: Slouch            |       |       |       |     6 |    18 |    11 ||    35
Evoke: Wand              |       |       |    11 |     7 |     2 |       ||    20
       Lamp of fire      |       |       |       |       |     1 |       ||     1
       Box of beasts     |       |       |       |       |     1 |       ||     1
  Use: Potion            |       |       |     1 |     7 |     2 |     5 ||    15
       Scroll            |       |       |       |    24 |    13 |     6 ||    43
 Stab: Sleeping          |     1 |       |     1 |     6 |     4 |     2 ||    14
       Confused          |       |       |     9 |    27 |     7 |     3 ||    46
       Paralysed         |       |       |     1 |       |       |       ||     1
       Distracted        |       |       |       |     1 |     1 |       ||     2
       Petrified         |       |       |       |       |     1 |       ||     1
  Eat: Chunk             |     7 |    12 |    28 |    60 |    39 |    36 ||   182
       Beef jerky        |       |       |       |       |     2 |       ||     2
       Royal jelly       |       |       |       |       |     1 |       ||     1
Armor: Robe              |    32 |    33 |   122 |    95 |       |       ||   282
       Skin              |       |       |       |    30 |   431 |   465 ||   926
       Steam dragon armo |       |       |       |   111 |   122 |    16 ||   249
Dodge: Dodged            |    47 |    84 |   191 |   439 |   577 |   452 ||  1790
       Deflected         |       |       |     4 |    19 |    12 |     5 ||    40
Block: Other             |       |       |       |    62 |       |       ||    62
       Reflection        |       |       |       |     6 |       |       ||     6
